| TOP OF THE 1ST |
|
Quad Cities River Bandits batting - Pitching for Delmarva Shorebirds : LHP Ryan Watkins
|
|
Pitching: LHP Ryan Watkins
|
|
|
Batting: LHB Glenn Lowther
|
0-0: Ball 1-0: Foul Ball, location: 2F 1-1: Foul Ball, location: 2F 1-2: Foul Ball, location: 2F 1-2: Foul Ball, location: 2F 1-2: Ball 2-2: Strikes out swinging
|
|
Batting: LHB Jackson Trottier
|
0-0: Ball 1-0: Swinging Strike 1-1: Ball 2-1: Swinging Strike 2-2: Strikes out swinging
|
|
Batting: RHB Drew Coleman
|
0-0: Ball 1-0: Foul Ball, location: 2F 1-1: Ground out 4-3 (Groundball, 4, EV 101.2 MPH)
|
| Top of the 1st over - 0 runs, 0 hits, 0 errors, 0 left on base; Quad Cities 0 - Delmarva 0 |
| BOTTOM OF THE 1ST |
|
Delmarva Shorebirds batting - Pitching for Quad Cities River Bandits : RHP Manny Bonilla
|
|
Pitching: RHP Manny Bonilla
|
|
|
Batting: RHB Josh Hopp
|
0-0: Ball 1-0: Ball 2-0: Foul Ball, location: 2F 2-1: Bunt missed! 2-2: SINGLE (Groundball, 6D, EV 94.4 MPH)
|
|
Batting: RHB Kevin Popowicz
|
0-0: Ball Josh Hopp steals 2nd base (no throw) 1-0: Ball 2-0: Swinging Strike 2-1: Swinging Strike 2-2: Ball 3-2: Foul Ball, location: 2F 3-2: Ground out 3-1 (Groundball, 34S, EV 83.1 MPH) Josh Hopp to third
|
|
Batting: RHB Maup Gommers
|
0-0: Swinging Strike 0-1: Foul Ball, location: 2F 0-2: Ball 1-2: Ball 2-2: Strikes out looking
|
|
Batting: SHB Carlos Carrillo
|
0-0: Foul Ball, location: 2F 0-1: Ground out 6-3 (Groundball, 6S, EV 87.5 MPH)
|
| Bottom of the 1st over - 0 runs, 1 hit, 0 errors, 1 left on base; Quad Cities 0 - Delmarva 0 |
| TOP OF THE 2ND |
|
Quad Cities River Bandits batting - Pitching for Delmarva Shorebirds : LHP Ryan Watkins
|
|
Batting: RHB Xavier Castaneda
|
0-0: Ball 1-0: Swinging Strike 1-1: Swinging Strike 1-2: Ground out 4-3 (Groundball, 4S, EV 85.6 MPH)
|
|
Batting: RHB Kieron Clark
|
0-0: Foul Ball, location: 2F 0-1: Ball 1-1: Called Strike 1-2: Foul Ball, location: 2F 1-2: Strikes out swinging
|
|
Batting: RHB John Sabean
|
0-0: SINGLE (Groundball, 3D, EV 98.8 MPH)
|
|
Batting: SHB Benoît Morin
|
0-0: Ball 1-0: Called Strike 1-1: Called Strike 1-2: Ball 2-2: Ball 3-2: Strikes out swinging
|
| Top of the 2nd over - 0 runs, 1 hit, 0 errors, 1 left on base; Quad Cities 0 - Delmarva 0 |
| BOTTOM OF THE 2ND |
|
Delmarva Shorebirds batting - Pitching for Quad Cities River Bandits : RHP Manny Bonilla
|
|
Batting: LHB Sam Williams
|
0-0: Ball 1-0: Called Strike 1-1: Ball 2-1: Called Strike 2-2: Ball 3-2: Strikes out swinging
|
|
Batting: RHB C.J. Wells
|
0-0: Called Strike 0-1: Ball 1-1: Ground out 6-3 (Groundball, 56, EV 103.1 MPH)
|
|
Batting: LHB Vinny Rivera
|
0-0: Ball 1-0: Called Strike 1-1: Ball 2-1: Foul Ball, location: 2F 2-2: Ball 3-2: Base on Balls
|
|
Batting: RHB Matthew Neal
|
0-0: Called Strike Vinny Rivera steals 2nd base (no throw) 0-1: Ball 1-1: Foul Ball, location: 2F 1-2: Ground out 6-3 (Groundball, 6, EV 83.1 MPH)
|
| Bottom of the 2nd over - 0 runs, 0 hits, 0 errors, 1 left on base; Quad Cities 0 - Delmarva 0 |
| TOP OF THE 3RD |
|
Quad Cities River Bandits batting - Pitching for Delmarva Shorebirds : LHP Ryan Watkins
|
|
Batting: RHB John Moore
|
0-0: Called Strike 0-1: Ball 1-1: Ball 2-1: SINGLE (Groundball, 56D, EV 104.4 MPH)
|
|
Batting: RHB Oren Jones
|
0-0: Called Strike 0-1: Called Strike 0-2: Ball 1-2: Fly out, F8 (Flyball, 8LD, EV 93.8 MPH)
|
|
Batting: LHB Glenn Lowther
|
0-0: Foul Ball, location: 2F 0-1: Swinging Strike 0-2: Ball 1-2: Strikes out looking
|
|
Batting: LHB Jackson Trottier
|
0-0: Called Strike 0-1: Ball 1-1: Ball 2-1: Foul Ball, location: 2F 2-2: Foul Ball, location: 2F 2-2: Foul Ball, location: 2F 2-2: Fielders Choice at 2nd, 6-4 (Groundball, 56, EV 103.8 MPH)
|
| Top of the 3rd over - 0 runs, 1 hit, 0 errors, 1 left on base; Quad Cities 0 - Delmarva 0 |
| BOTTOM OF THE 3RD |
|
Delmarva Shorebirds batting - Pitching for Quad Cities River Bandits : RHP Manny Bonilla
|
|
Batting: RHB Ruben Domingues
|
0-0: Ball 1-0: Ball 2-0: Ground out 5-3 (Groundball, 56S, EV 81.9 MPH)
|
|
Batting: RHB Josh Hopp
|
0-0: Bunt for hit to 13 - play at first, batter OUT! 1-3
|
|
Batting: RHB Kevin Popowicz
|
0-0: SINGLE (Groundball, 56D, EV 95.6 MPH)
|
|
Batting: RHB Maup Gommers
|
0-0: Ball Kevin Popowicz steals 2nd base 1-0: Called Strike 1-1: Ball 2-1: Foul Ball, location: 2F 2-2: Ground out 1-3 (Groundball, 34S, EV 71.2 MPH)
|
| Bottom of the 3rd over - 0 runs, 1 hit, 0 errors, 1 left on base; Quad Cities 0 - Delmarva 0 |
| TOP OF THE 4TH |
|
Quad Cities River Bandits batting - Pitching for Delmarva Shorebirds : LHP Ryan Watkins
|
|
Batting: RHB Drew Coleman
|
0-0: Ball 1-0: Ball 2-0: Ball 3-0: Base on Balls
|
|
Batting: RHB Xavier Castaneda
|
0-0: Ball 1-0: Swinging Strike 1-1: Foul Ball, location: 2F 1-2: Ball 2-2: Ball 3-2: Foul Ball, location: 2F 3-2: Foul Ball, location: 2F 3-2: Base on Balls Drew Coleman to second
|
|
Batting: RHB Kieron Clark
|
0-0: Ball 1-0: SINGLE (Groundball, 6D, EV 104.4 MPH) Drew Coleman to third Xavier Castaneda to second
|
|
Batting: RHB John Sabean
|
0-0: Fielders Choice at 2nd, 5-4 (Groundball, 5, EV 85.0 MPH) Drew Coleman scores Xavier Castaneda to third
|
|
Batting: SHB Benoît Morin
|
0-0: Called Strike 0-1: Foul Ball, location: 2F 0-2: Ball 1-2: Foul Ball, location: 2F 1-2: Foul Ball, location: 2F 1-2: Ball 2-2: Foul Ball, location: 2F 2-2: Strikes out swinging
|
|
Batting: RHB John Moore
|
0-0: Ball 1-0: Called Strike 1-1: Called Strike 1-2: Strikes out swinging
|
| Top of the 4th over - 1 run, 1 hit, 0 errors, 2 left on base; Quad Cities 1 - Delmarva 0 |
| BOTTOM OF THE 4TH |
|
Delmarva Shorebirds batting - Pitching for Quad Cities River Bandits : RHP Manny Bonilla
|
|
Batting: SHB Carlos Carrillo
|
0-0: Called Strike 0-1: Fly out, F8 (Line Drive, 78D, EV 94.4 MPH)
|
|
Batting: LHB Sam Williams
|
0-0: Swinging Strike 0-1: Called Strike 0-2: Strikes out swinging
|
|
Batting: RHB C.J. Wells
|
0-0: Ball 1-0: Called Strike 1-1: Ball 2-1: Foul Ball, location: 2F 2-2: Foul Ball, location: 2F 2-2: SOLO HOME RUN (Flyball, 78XD, EV 103.1 MPH), Distance : 416 ft
|
|
Batting: LHB Vinny Rivera
|
0-0: Ball 1-0: Reached on error, E3 (Groundball, 3, EV 83.8 MPH)
|
|
Batting: RHB Matthew Neal
|
0-0: Ball 1-0: Called Strike 1-1: Ball Wild Pitch! Vinny Rivera to second 2-1: Ground out 3-1 (Groundball, 34S, EV 90.0 MPH)
|
| Bottom of the 4th over - 1 run, 1 hit, 1 error, 1 left on base; Quad Cities 1 - Delmarva 1 |
| TOP OF THE 5TH |
|
Quad Cities River Bandits batting - Pitching for Delmarva Shorebirds : LHP Ryan Watkins
|
|
Batting: RHB Oren Jones
|
0-0: Ball 1-0: Ball 2-0: Swinging Strike 2-1: Ball 3-1: Foul Ball, location: 2F 3-2: Strikes out swinging
|
|
Batting: LHB Glenn Lowther
|
0-0: Ball 1-0: Foul Ball, location: 2F 1-1: Ground out 6-3 (Groundball, 6, EV 89.4 MPH)
|
|
Batting: LHB Jackson Trottier
|
0-0: Foul Ball, location: 2F 0-1: Ball 1-1: Fly out, F8 (Flyball, 78S, EV 91.2 MPH)
|
| Top of the 5th over - 0 runs, 0 hits, 0 errors, 0 left on base; Quad Cities 1 - Delmarva 1 |
| BOTTOM OF THE 5TH |
|
Delmarva Shorebirds batting - Pitching for Quad Cities River Bandits : RHP Manny Bonilla
|
|
Batting: RHB Ruben Domingues
|
0-0: Ball 1-0: Ball 2-0: Swinging Strike 2-1: Foul Ball, location: 2F 2-2: Strikes out swinging
|
|
Batting: RHB Josh Hopp
|
0-0: Foul Ball, location: 2F 0-1: Ball 1-1: Foul Ball, location: 2F 1-2: Strikes out swinging
|
|
Batting: RHB Kevin Popowicz
|
0-0: Called Strike 0-1: Swinging Strike 0-2: Ball 1-2: Strikes out swinging
|
| Bottom of the 5th over - 0 runs, 0 hits, 0 errors, 0 left on base; Quad Cities 1 - Delmarva 1 |
| TOP OF THE 6TH |
|
Quad Cities River Bandits batting - Pitching for Delmarva Shorebirds : LHP Ryan Watkins
|
|
Batting: RHB Drew Coleman
|
0-0: Called Strike 0-1: Ball 1-1: Foul Ball, location: 2F 1-2: Ground out 5-3 (Groundball, 5S, EV 85.0 MPH)
|
|
Batting: RHB Xavier Castaneda
|
0-0: Ball 1-0: Called Strike 1-1: Ball 2-1: Ball 3-1: Base on Balls
|
|
Batting: RHB Kieron Clark
|
0-0: Called Strike 0-1: Swinging Strike 0-2: Strikes out swinging
|
|
Batting: RHB John Sabean
|
0-0: Ball Xavier Castaneda is caught stealing 2nd base 2-4
|
| Top of the 6th over - 0 runs, 0 hits, 0 errors, 0 left on base; Quad Cities 1 - Delmarva 1 |
| BOTTOM OF THE 6TH |
|
Delmarva Shorebirds batting - Pitching for Quad Cities River Bandits : RHP Manny Bonilla
|
|
Batting: RHB Maup Gommers
|
0-0: Swinging Strike 0-1: Called Strike 0-2: Foul Ball, location: 2F 0-2: Foul Ball, location: 2F 0-2: Strikes out swinging
|
|
Batting: SHB Carlos Carrillo
|
0-0: SINGLE (Groundball, 6D, EV 105.6 MPH)
|
|
Batting: LHB Sam Williams
|
0-0: Foul Ball, location: 2F 0-1: Swinging Strike 0-2: Strikes out swinging
|
|
Batting: RHB C.J. Wells
|
0-0: Swinging Strike 0-1: Foul Ball, location: 2F 0-2: Strikes out swinging
|
| Bottom of the 6th over - 0 runs, 1 hit, 0 errors, 1 left on base; Quad Cities 1 - Delmarva 1 |
| TOP OF THE 7TH |
|
Quad Cities River Bandits batting - Pitching for Delmarva Shorebirds : LHP Ryan Watkins
|
|
Batting: RHB John Sabean
|
0-0: Ground out 6-3 (Groundball, 6S, EV 85.0 MPH)
|
|
Batting: SHB Benoît Morin
|
0-0: Fly out, F7 (Flyball, 78S, EV 96.9 MPH)
|
|
Batting: RHB John Moore
|
0-0: Hit by Pitch
|
|
Pitching: LHP Lawson Noseworthy
|
|
|
Batting: RHB Oren Jones
|
0-0: Ball 1-0: Called Strike 1-1: SINGLE (Groundball, 6D, EV 95.0 MPH) John Moore to second
|
|
Pinch Hitting: RHB Andrew Pride
|
0-0: Ball 1-0: Swinging Strike 1-1: Foul Ball, location: 2F 1-2: Fielders Choice at 2nd, 5-4 (Groundball, 56, EV 86.9 MPH)
|
| Top of the 7th over - 0 runs, 1 hit, 0 errors, 2 left on base; Quad Cities 1 - Delmarva 1 |
| BOTTOM OF THE 7TH |
|
Delmarva Shorebirds batting - Pitching for Quad Cities River Bandits : RHP Manny Bonilla
|
|
Pitching: RHP Jose Herrera
|
|
|
Now at 1B: Andrew Pride
|
|
|
Now in LF: Xavier Castaneda
|
|
|
Batting: LHB Vinny Rivera
|
0-0: Ball 1-0: Ground out 1-3 (Groundball, 23, EV 71.2 MPH)
|
|
Batting: RHB Matthew Neal
|
0-0: Called Strike 0-1: Swinging Strike 0-2: Ball 1-2: Ball 2-2: Strikes out swinging
|
|
Batting: RHB Ruben Domingues
|
0-0: Called Strike 0-1: Ball 1-1: Called Strike 1-2: Ball 2-2: SINGLE (Line Drive, 7LS, EV 106.2 MPH)
|
|
Batting: RHB Josh Hopp
|
0-0: Ball 1-0: Called Strike Pickoff Throw to First - Out! 1-3
|
| Bottom of the 7th over - 0 runs, 1 hit, 0 errors, 0 left on base; Quad Cities 1 - Delmarva 1 |
| TOP OF THE 8TH |
|
Quad Cities River Bandits batting - Pitching for Delmarva Shorebirds : LHP Lawson Noseworthy
|
|
Batting: LHB Jackson Trottier
|
0-0: Ball 1-0: Ball 2-0: Called Strike 2-1: Foul Ball, location: 2F 2-2: Foul Ball, location: 2F 2-2: Fly out, F3 (Popup, 23F, EV 94.4 MPH)
|
|
Batting: RHB Drew Coleman
|
0-0: Ball 1-0: Ball 2-0: Ball 3-0: Called Strike 3-1: Foul Ball, location: 2F 3-2: Strikes out swinging
|
|
Batting: RHB Xavier Castaneda
|
0-0: Ball 1-0: Called Strike 1-1: Swinging Strike 1-2: Foul Ball, location: 2F 1-2: Strikes out swinging
|
| Top of the 8th over - 0 runs, 0 hits, 0 errors, 0 left on base; Quad Cities 1 - Delmarva 1 |
| BOTTOM OF THE 8TH |
|
Delmarva Shorebirds batting - Pitching for Quad Cities River Bandits : RHP Jose Herrera
|
|
Pitching: RHP Brian Trejo
|
|
|
Batting: RHB Josh Hopp
|
0-0: Called Strike 0-1: Foul Ball, location: 2F 0-2: Fly out, F3 (Popup, 3SF, EV 73.8 MPH)
|
|
Batting: RHB Kevin Popowicz
|
0-0: Ball 1-0: Swinging Strike 1-1: Swinging Strike 1-2: Strikes out looking
|
|
Batting: RHB Maup Gommers
|
0-0: Called Strike 0-1: SINGLE (Groundball, 6MD, EV 105.6 MPH) (infield hit)
|
|
Batting: SHB Carlos Carrillo
|
0-0: SINGLE (Groundball, 5D, EV 100.0 MPH) Maup Gommers to second Runner from 2nd tries for 3rd, SAFE, throw by LF made to third
|
|
Batting: LHB Sam Williams
|
0-0: Ball 1-0: Ball 2-0: Fly out, F7 (Flyball, 78M, EV 85.0 MPH)
|
| Bottom of the 8th over - 0 runs, 2 hits, 0 errors, 2 left on base; Quad Cities 1 - Delmarva 1 |
| TOP OF THE 9TH |
|
Quad Cities River Bandits batting - Pitching for Delmarva Shorebirds : LHP Lawson Noseworthy
|
|
Pitching: RHP Harley Hyde
|
|
|
Pinch Hitting: LHB Aldo Kok
|
0-0: Ball 1-0: Foul Ball, location: 2F 1-1: Ball 2-1: Swinging Strike 2-2: Strikes out looking
|
|
Pinch Hitting: LHB Tomas de Zeeuw
|
0-0: Foul Ball, location: 2F 0-1: Swinging Strike 0-2: Strikes out looking
|
|
Batting: SHB Benoît Morin
|
0-0: Ball 1-0: Swinging Strike 1-1: Called Strike 1-2: Ground out 6-3 (Groundball, 6, EV 91.2 MPH)
|
| Top of the 9th over - 0 runs, 0 hits, 0 errors, 0 left on base; Quad Cities 1 - Delmarva 1 |
| BOTTOM OF THE 9TH |
|
Delmarva Shorebirds batting - Pitching for Quad Cities River Bandits : RHP Brian Trejo
|
|
Now at C: Yoshitoshi Mori
|
|
|
Now at 2B: Jason Monico
|
|
|
Batting: RHB C.J. Wells
|
0-0: Ball 1-0: Fly out, F5 (Popup, 56, EV 63.1 MPH)
|
|
Batting: LHB Vinny Rivera
|
0-0: SINGLE (Groundball, 4D, EV 108.8 MPH)
|
|
Batting: RHB Matthew Neal
|
0-0: Called Strike 0-1: Ball Pickoff Throw to First - Out! 1-3 1-1: Ball 2-1: Ball 3-1: Called Strike 3-2: SINGLE (Groundball, 4MD, EV 100.0 MPH)
|
|
Pinch Hitting: LHB Xue-liang Zhou
|
0-0: Ball 1-0: Ball 2-0: SINGLE (Line Drive, 4D, EV 107.5 MPH) Matthew Neal to second
|
|
Batting: RHB Josh Hopp
|
0-0: Called Strike 0-1: Ball 1-1: Swinging Strike 1-2: Strikes out looking
|
| Bottom of the 9th over - 0 runs, 3 hits, 0 errors, 2 left on base; Quad Cities 1 - Delmarva 1 |
| TOP OF THE 10TH |
|
Quad Cities River Bandits batting - Pitching for Delmarva Shorebirds : RHP Harley Hyde
|
|
Now at 1B: Xue-liang Zhou
|
|
|
Now in LF: Josh Hopp
|
|
|
Batting: RHB John Moore
|
0-0: Called Strike 0-1: Called Strike 0-2: Strikes out looking
|
|
Batting: RHB Oren Jones
|
0-0: Foul Ball, location: 2F 0-1: Called Strike 0-2: Ball 1-2: Foul Ball, location: 2F 1-2: Strikes out swinging
|
|
Batting: RHB Andrew Pride
|
0-0: Ball 1-0: Swinging Strike 1-1: Swinging Strike 1-2: Ball 2-2: Strikes out swinging
|
| Top of the 10th over - 0 runs, 0 hits, 0 errors, 0 left on base; Quad Cities 1 - Delmarva 1 |
| BOTTOM OF THE 10TH |
|
Delmarva Shorebirds batting - Pitching for Quad Cities River Bandits : RHP Brian Trejo
|
|
Batting: RHB Kevin Popowicz
|
0-0: Swinging Strike 0-1: Foul Ball, location: 2F 0-2: Strikes out swinging
|
|
Batting: RHB Maup Gommers
|
0-0: Ball 1-0: Ball 2-0: Foul Ball, location: 2F 2-1: Ground out 5-3 (Groundball, 56, EV 97.5 MPH)
|
|
Batting: SHB Carlos Carrillo
|
0-0: Called Strike 0-1: Swinging Strike 0-2: Ball 1-2: Ball 2-2: Strikes out looking
|
| Bottom of the 10th over - 0 runs, 0 hits, 0 errors, 0 left on base; Quad Cities 1 - Delmarva 1 |
| TOP OF THE 11TH |
|
Quad Cities River Bandits batting - Pitching for Delmarva Shorebirds : RHP Harley Hyde
|
|
Batting: LHB Jackson Trottier
|
0-0: Ball 1-0: Ground out 6-3 (Groundball, 6M, EV 84.4 MPH)
|
|
Batting: RHB Drew Coleman
|
0-0: Fly out, F8 (Flyball, 8LM, EV 90.0 MPH)
|
|
Batting: RHB Xavier Castaneda
|
0-0: Called Strike 0-1: Ball 1-1: Swinging Strike 1-2: Strikes out swinging
|
| Top of the 11th over - 0 runs, 0 hits, 0 errors, 0 left on base; Quad Cities 1 - Delmarva 1 |
| BOTTOM OF THE 11TH |
|
Delmarva Shorebirds batting - Pitching for Quad Cities River Bandits : RHP Brian Trejo
|
|
Batting: LHB Sam Williams
|
0-0: Foul Ball, location: 2F 0-1: Called Strike 0-2: Ground out 4-3 (Groundball, 4, EV 102.5 MPH)
|
|
Now at 1B: Juan Mendoza
|
|
|
Now at 2B: Andrew Pride
|
|
|
Batting: RHB C.J. Wells
|
0-0: Ground out 4-3 (Groundball, 4, EV 85.0 MPH)
|
|
Batting: LHB Vinny Rivera
|
0-0: Ball 1-0: Ground out U3 (Groundball, 3L, EV 82.5 MPH)
|
| Bottom of the 11th over - 0 runs, 0 hits, 0 errors, 0 left on base; Quad Cities 1 - Delmarva 1 |
| TOP OF THE 12TH |
|
Quad Cities River Bandits batting - Pitching for Delmarva Shorebirds : RHP Harley Hyde
|
|
Pitching: RHP Joe Underhill
|
|
|
Batting: RHB Yoshitoshi Mori
|
0-0: Called Strike 0-1: Ball 1-1: Foul Ball, location: 2F 1-2: Hit by Pitch
|
|
Batting: RHB Juan Mendoza
|
0-0: Ball 1-0: DOUBLE (Line Drive, 5D, EV 94.4 MPH) Yoshitoshi Mori to third
|
|
Batting: SHB Benoît Morin
|
0-0: Ball 1-0: Swinging Strike 1-1: Foul Ball, location: 2F 1-2: Strikes out swinging
|
|
Batting: RHB John Moore
|
0-0: Swinging Strike 0-1: Swinging Strike 0-2: Ball 1-2: Strikes out swinging
|
|
Batting: RHB Oren Jones
|
0-0: Ball 1-0: Foul Ball, location: 2F 1-1: Ball 2-1: Fly out, F8 (Flyball, 8RXD, EV 99.4 MPH)
|
| Top of the 12th over - 0 runs, 1 hit, 0 errors, 2 left on base; Quad Cities 1 - Delmarva 1 |
| BOTTOM OF THE 12TH |
|
Delmarva Shorebirds batting - Pitching for Quad Cities River Bandits : RHP Brian Trejo
|
|
Batting: RHB Matthew Neal
|
0-0: Called Strike 0-1: Foul Ball, location: 2F 0-2: Ground out 6-3 (Groundball, 6, EV 91.2 MPH)
|
|
Batting: LHB Xue-liang Zhou
|
0-0: Ball 1-0: Ball 2-0: Ball 3-0: Called Strike 3-1: Ground out 5-3 (Groundball, 5, EV 104.4 MPH)
|
|
Batting: RHB Josh Hopp
|
0-0: Ground out 4-3 (Groundball, 4, EV 98.8 MPH)
|
| Bottom of the 12th over - 0 runs, 0 hits, 0 errors, 0 left on base; Quad Cities 1 - Delmarva 1 |
| TOP OF THE 13TH |
|
Quad Cities River Bandits batting - Pitching for Delmarva Shorebirds : RHP Joe Underhill
|
|
Batting: RHB Andrew Pride
|
0-0: Ball 1-0: Ball 2-0: Called Strike 2-1: Called Strike 2-2: Ball 3-2: Strikes out swinging, 2-3 out at first.
|
|
Batting: LHB Jackson Trottier
|
0-0: Ground out 4-3 (Groundball, 4S, EV 89.4 MPH)
|
|
Batting: RHB Drew Coleman
|
0-0: Ball 1-0: Called Strike 1-1: Ball 2-1: SINGLE (Groundball, 34D, EV 98.1 MPH)
|
|
Batting: RHB Xavier Castaneda
|
0-0: Called Strike 0-1: Ball 1-1: Ball 2-1: Ground out 5-3 (Groundball, 56S, EV 70.0 MPH)
|
| Top of the 13th over - 0 runs, 1 hit, 0 errors, 1 left on base; Quad Cities 1 - Delmarva 1 |
| BOTTOM OF THE 13TH |
|
Delmarva Shorebirds batting - Pitching for Quad Cities River Bandits : RHP Brian Trejo
|
|
Batting: RHB Kevin Popowicz
|
0-0: Ball 1-0: Swinging Strike 1-1: Foul Ball, location: 2F 1-2: Ground out 5-3 (Groundball, 56S, EV 86.2 MPH)
|
|
Pitching: RHP Kevin Zika
|
|
|
Batting: RHB Maup Gommers
|
0-0: Called Strike 0-1: Ground out 5-3 (Groundball, 56S, EV 70.6 MPH)
|
|
Batting: SHB Carlos Carrillo
|
0-0: Called Strike 0-1: Foul Ball, location: 2F 0-2: Strikes out swinging
|
| Bottom of the 13th over - 0 runs, 0 hits, 0 errors, 0 left on base; Quad Cities 1 - Delmarva 1 |
| TOP OF THE 14TH |
|
Quad Cities River Bandits batting - Pitching for Delmarva Shorebirds : RHP Joe Underhill
|
|
Batting: RHB Yoshitoshi Mori
|
0-0: Foul Ball, location: 2F 0-1: Ground out 5-3 (Groundball, 56S, EV 91.9 MPH)
|
|
Batting: RHB Juan Mendoza
|
0-0: Ball 1-0: Swinging Strike 1-1: Swinging Strike 1-2: Foul Ball, location: 2F 1-2: Ball 2-2: Ball 3-2: Strikes out swinging, 2-3 out at first.
|
|
Batting: SHB Benoît Morin
|
0-0: Ball 1-0: Called Strike 1-1: Swinging Strike 1-2: Foul Ball, location: 2F 1-2: Ground out 4-3 (Groundball, 34, EV 105.0 MPH)
|
| Top of the 14th over - 0 runs, 0 hits, 0 errors, 0 left on base; Quad Cities 1 - Delmarva 1 |
| BOTTOM OF THE 14TH |
|
Delmarva Shorebirds batting - Pitching for Quad Cities River Bandits : RHP Kevin Zika
|
|
Batting: LHB Sam Williams
|
0-0: Ball 1-0: Ball 2-0: Ball 3-0: Base on Balls
|
|
Pinch Hitting: SHB Eric Kelley
|
0-0: Called Strike 0-1: Ball 1-1: SINGLE (Groundball, 4MS, EV 70.0 MPH) (infield hit) Sam Williams to second
|
|
Batting: LHB Vinny Rivera
|
0-0: Ball 1-0: Bunt missed! 1-1: Bunt missed! 1-2: Ground out 5-3 (Groundball, 5S, EV 63.1 MPH) Sam Williams to third Eric Kelley to second
|
|
Batting: RHB Matthew Neal
|
0-0: Foul Ball, location: 2F 0-1: Swinging Strike 0-2: Strikes out swinging
|
|
Batting: LHB Xue-liang Zhou
|
0-0: Swinging Strike Balk! Sam Williams scores
|
| Bottom of the 14th over - 1 run, 1 hit, 0 errors, 1 left on base; Quad Cities 1 - Delmarva 2 |
|